 Dungeon Crawl Stone Soup version 0.24.0-2-g5b39cebb1c (webtiles) character file.

Game seed: 14786285679533639570, levelgen mode: deterministic

128796 Lanoc the Warrior (level 16, -4/154 HPs)
             Began as a Red Draconian Wanderer on Oct 31, 2019.
             Was the Champion of the Shining One.
             Slain by a spriggan rider
             ... wielding a +0 spear
              (27 damage)
             ... on level 2 of the Swamp.
             The game lasted 01:11:54 (23043 turns).

Lanoc the Warrior (Red Draconian Wanderer)         Turns: 23043, Time: 01:11:55

Health: -4/154     AC: 14    Str: 18    XL:     16   Next: 49%
Magic:  28/28      EV: 25    Int: 16    God:    the Shining One [******]
Gold:   1040       SH:  8    Dex: 14    Spells: 15/15 levels left

rFire    + . .     SeeInvis +   y - +3 spear (freeze)
rCold    . . .     Gourm    .   A - +3 buckler
rNeg     + + +     Faith    .   (armour unavailable)
rPois    +         Spirit   .   (helmet restricted)
rElec    +         Reflect  .   H - +3 cloak of the Echidna {Str+3}
rCorr    .         Harm     .   (no gloves)
MR       +....                  q - +0 pair of boots
Stlth    +.........             C - amulet of the Butterfly {rElec rPois Regen+ SInv}
HPRegen  0.75/turn              b - +6 ring of slaying
MPRegen  0.21/turn              x - +3 ring of evasion

@: short of breath, hasted, glowing, very quick
A: breathe fire, unfitting armour, fire resistance 1, cold-blooded, AC +9
a: Breathe Fire, Divine Shield, Cleansing Flame, Summon Divine Warrior, Brand
Weapon With Holy Wrath, Renounce Religion


You were on level 2 of the Swamp.
You worshipped the Shining One.
The Shining One was exalted by your worship.
You were very hungry.

You visited 4 branches of the dungeon, and saw 24 of its levels.
You also visited: Bailey, Ice Cave and Volcano.

You collected 1768 gold pieces.
You spent 728 gold pieces at shops.

Inventory:

Hand Weapons
 y - a +3 spear of freezing (weapon)
 K - the +9 quarterstaff of Luton {freeze, rC+ SInv}
   (You found it on level 9 of the Dungeon)

   It has been specially enchanted to freeze those struck by it, causing extra
   injury to most foes and up to half again as much damage against particularly
   susceptible opponents.
   It can also slow down cold-blooded creatures.
   It protects you from cold.
   It lets you see invisible.
 N - a +0 halberd of protection
Missiles
 n - 3 throwing nets (quivered)
 E - 12 atropa-tipped darts
 F - 16 curare-tipped darts
Armour
 q - a +0 pair of boots (worn)
 A - a +3 buckler (worn)
 H - the +3 cloak of the Echidna (worn) {Str+3}
   (You found it on level 9 of the Dungeon)

   It affects your strength (+3).
Jewellery
 b - a +6 ring of slaying (left hand)
 x - a +3 ring of evasion (right hand)
 C - the amulet of the Butterfly (around neck) {rElec rPois Regen+ SInv}
   (You found it on level 4 of the Dungeon)

   [amulet of regeneration]

   It insulates you from electricity.
   It protects you from poison.
   It lets you see invisible.
   It increases your rate of regeneration.
 G - an uncursed ring of protection from magic
 J - an uncursed ring of resist corrosion
 Q - an uncursed ring of ice
Wands
 M - a wand of acid (35)
 O - a wand of flame (9)
 S - a wand of polymorph (15)
 V - a wand of iceblast (12)
 W - a wand of digging (1)
Scrolls
 c - 14 scrolls of teleportation
 h - 4 scrolls of amnesia
 i - 9 scrolls of enchant armour
 j - 14 scrolls of identify
 m - 8 scrolls of remove curse
 p - 2 scrolls of fog
 t - 5 scrolls of enchant weapon
 u - 3 scrolls of blinking
 w - 8 scrolls of fear
 I - a scroll of summoning
 P - 2 scrolls of magic mapping
 R - 2 scrolls of holy word
 T - 5 scrolls of immolation
Potions
 a - 3 potions of might
 e - a potion of cancellation
 g - 17 potions of curing
 k - 2 potions of agility
 l - 2 potions of mutation
 o - 3 potions of haste
 r - 4 potions of berserk rage
 v - 7 potions of flight
 z - 4 potions of magic
 D - 5 potions of lignification
 L - 3 potions of resistance
Miscellaneous
 s - 2 sacks of spiders
 B - a phial of floods
Comestibles
 f - 51 rations


   Skills:
 + Level 16.8 Fighting
 - Level 12.0 Polearms
 - Level 1.0 Throwing
 + Level 14.6 Dodging
 - Level 1.7 Stealth
 - Level 4.0 Shields
 - Level 1.0 Unarmed Combat
   Level 1.7 Hexes
   Level 1.0 Air Magic
 + Level 16.1 Invocations


You had 15 spell levels left.
You didn't know any spells.
Your spell library contained the following spells:

 Spells                   Type           Power        Failure   Level  Hunger
 Confusing Touch          Hex            #.....       12%         1    ##.....
 Corona                   Hex            #......      12%         1    ##.....
 Animate Skeleton         Necr           N/A          26%         1    ##.....
 Apportation              Tloc           #.....       26%         1    ##.....
 Magic Dart               Conj           #...         26%         1    ##.....
 Pain                     Necr           #...         26%         1    ##.....
 Summon Butterflies       Summ           #.......     26%         1    ##.....
 Summon Small Mammal      Summ           #...         26%         1    ##.....
 Ensorcelled Hibernation  Hex/Ice        #.....       26%         2    ###....
 Searing Ray              Conj           #.....       36%         2    ###....
 Confuse                  Hex            #.......     36%         3    ####...
 Tukima's Dance           Hex            #.......     36%         3    ####...
 Dazzling Spray           Conj/Hex       #.....       47%         3    ####...
 Call Canine Familiar     Summ           #.......     58%         3    ####...
 Regeneration             Chrm/Necr      #.........   58%         3    ####...
 Vampiric Draining        Necr           #.........   58%         3    ####...
 Fulminant Prism          Conj/Hex       #.........   87%         4    #####..
 Summon Lightning Spire   Summ/Air       #.......     90%         4    #####..
 Animate Dead             Necr           N/A          94%         4    #####..
 Force Lance              Conj/Tloc      #.......     94%         4    #####..
 Iskenderun's Mystic Bla  Conj           #.......     94%         4    #####..
 Summon Ice Beast         Ice/Summ       #.......     94%         4    #####..
 Silence                  Hex/Air        #.........   99%         5    ######.
 Summon Mana Viper        Hex/Summ       #.......     99%         5    ######.
 Conjure Ball Lightning   Conj/Air       #.........   100%        6    #######
 Deflect Missiles         Chrm/Air       #.........   100%        6    #######
 Summon Hydra             Summ           #.........   100%        7    #######
 Tornado                  Air            #.........   100%        9    #######


Dungeon Overview and Level Annotations

Branches:
Dungeon (15/15)            Temple (1/1) D:6            Lair (6/6) D:9
  Swamp (2/4) Lair:4        Snake (0/4) Lair:3        Slime (0/5) Lair:6
    Orc (0/2) D:10         Vaults (0/5) D:13         Depths (0/5) D:15
 Bailey (visited)           IceCv (visited)         Volcano (visited)

Altars:
Ashenzari
Cheibriados
Dithmenos
Elyvilon
Fedhas
Gozag
Hepliaklqana
Kikubaaqudgha
Makhleb
Nemelex Xobeh
Okawaru
Qazlal
Ru
Sif Muna
Trog
Uskayaw
Vehumet
Wu Jian
Xom
Yredelemnul
Zin
The Shining One

Shops:
D:13 =?((

Annotations:
D:10 1 runed translucent door, Fingolfin's ghost, novice FoNe
D:14 Roxanne


Innate Abilities, Weirdness & Mutations

You can breathe blasts of fire.
Your fiery red scales are hard. (AC +9)
You cannot fit into any form of body armour.
Your flesh is heat resistant. (rF+)
You are cold-blooded and may be slowed by cold attacks.


Message History

Press: ? - help, Dir - move target cursor, f/p - spriggan rider
Aim: a spriggan rider, wielding a +0 spear (severely wounded, haloed)
You reach to attack!
You hit the spriggan rider. You freeze the spriggan rider.
The spriggan rider is almost dead.
The spriggan rider closely misses you.
Attack whom?
Press: ? - help, Dir - move target cursor, f/p - spriggan rider
Aim: a spriggan rider, wielding a +0 spear (almost dead, haloed)
You reach to attack!
You puncture the spriggan rider! You freeze the spriggan rider.
You kill the spriggan rider!
You kill the hornet!
The spriggan rider hits you from afar with a +0 spear!
* * * LOW HITPOINT WARNING * * *
The spriggan rider hits you from afar with a +0 spear!!
* * * LOW HITPOINT WARNING * * *
The bog body casts a spell at you.
You easily resist.
You feel yourself speed up.
The spriggan rider hits you from afar with a +0 spear!!
You die...

♣♣♣♣♣♣♣ ♣♣♣...≈≈♣♣♣ **
♣♣♣♣.@.≈≈≈≈..♣♣******,
♣♣♣♣...≈≈$.†W≈≈...,**≈≈,≈
♣♣♣♣♣♣♣.≈...≈≈≈i.♣n≈≈≈.≈,,,,≈,≈
♣♣..≈.≈≈≈♣♣♣.....)♣,≈≈≈.≈≈≈,≈≈,,
♣♣.≈.≈≈≈≈.♣*♣♣.≈.♣♣♣**♣♣.≈≈≈,≈≈≈≈
♣..≈.♣.≈...♣*♣.≈...≈****,.≈≈≈,,≈,
..≈≈.≈≈≈≈≈.♣♣....≈≈≈$,≈,,*≈≈≈≈*≈*
.≈≈≈.≈...≈.♣..≈.≈≈≈≈≈≈≈≈≈≈≈≈≈≈,,,
.≈≈..≈≈..≈...≈≈.≈≈≈.≈≈≈≈,,≈≈,≈,,,


You could see a spriggan rider, a bog body and a shadow.

Vanquished Creatures
  An Ice Fiend (IceCv)
  Jorgrun (Swamp:1)
  Kirke (D:14)
  2 very ugly things
  Azrael (D:13)
  The ghost of Vidiiot the Cleaver, a journeyman OgCj of Okawaru (D:12)
  The ghost of TheWoodenMan the Fighter, a journeyman MiGl of Okawaru (Lair:3)
  Josephine (D:14)
  A yaktaur captain (D:15)
  An ogre mage (D:15)
  Erolcha (D:11)
  Fannar (Lair:2)
  A rakshasa (D:14)
  A ghost crab (Swamp:1)
  9 hydras
  2 shambling mangroves (Swamp:1)
  4 centaur warriors
  A dancing weapon (Volcano)
  6 alligators
  3 tengu warriors
  9 two-headed ogres
  12 death yaks
  A shadow wraith (D:13)
  An iron troll (D:13)
  2 unseen horrors
  6 wizards
  An unseen horror (shapeshifter) (D:15)
  A lindwurm (Lair:5)
  Pikel (D:9)
  A swamp dragon (Swamp:1)
  A deep elf mage (D:14)
  3 orc knights
  7 ugly things
  4 manticores
  5 toenail golems (Volcano)
  4 cyclopes
  6 elephants (Lair:5)
  2 centaur zombies
  4 ice statues (IceCv)
  Psyche (D:9)
  7 black mambas
  Joseph (D:9)
  3 kobold demonologists
  An efreet (D:14)
  24 spiny frogs
  3 rime drakes
  4 komodo dragons
  A yaktaur (D:15)
  10 ice devils (IceCv)
  3 anaconda simulacra (IceCv)
  A freezing wraith (D:14)
  4 trolls
  A tengu conjurer (D:14)
  5 polar bears
  11 slime creatures
  A raiju (shapeshifter) (D:15)
  Grinder (D:5)
  A hornet (shapeshifter) (D:15)
  3 bog bodies
  4 hornets
  11 hippogriffs
  9 tyrant leeches
  18 blink frogs
  A dream sheep (shapeshifter) (D:14)
  Sigmund (D:2)
  A vampire (D:14)
  3 spriggans (Swamp:2)
  2 shadows
  54 yaks
  3 dire elephant simulacra (IceCv)
  4 wyverns
  A fire elemental (D:13)
  4 hogs (D:14)
  4 wraiths (D:14)
  3 basilisks
  A human (shapeshifter) (D:14)
  2 harpy simulacra (IceCv)
  21 vampire mosquitoes
  Edmund (D:4)
  9 swamp worms
  An iron troll simulacrum (IceCv)
  3 acid dragons
  6 insubstantial wisps (Swamp:1)
  18 water moccasins
  3 hell hounds
  A hydra simulacrum (IceCv)
  9 porcupines
  3 ice beasts
  16 orc warriors
  A black bear (Lair:3)
  3 swamp drakes
  A phantom (D:8)
  5 sky beasts
  2 slaves (D:9)
  2 eyes of draining
  7 necrophages
  8 wolves
  20 ogres
  5 centaurs
  12 crocodiles
  13 big kobolds
  5 gnoll sergeants (D:10)
  31 bullfrogs
  3 wyvern zombies
  2 wyvern skeletons
  A water moccasin zombie (D:12)
  5 scorpions
  6 killer bees
  5 wights (D:12)
  3 electric eels
  2 howler monkeys
  10 crimson imps
  3 bullfrog zombies
  A quasit (D:9)
  3 orc priests
  3 centaur skeletons
  2 gnoll shamans (D:8)
  7 hounds
  20 jellies
  7 orc wizards
  3 bullfrog skeletons
  4 iguanas
  Natasha (thrice) (D:2)
  14 worker ants
  9 gnolls (D:8)
  11 adders
  A river rat (D:9)
  5 shadow imps
  An ooze (Lair:6)
  An adder zombie (D:5)
  6 worms
  3 dart slugs
  2 leopard geckos
  55 orcs
  12 bats
  8 giant cockroaches
  9 goblins
  14 hobgoblins
  8 jackals
  49 kobolds
  7 quokkas
  3 ball pythons
  A frilled lizard (D:4)
  A jackal skeleton (D:6)
  A leopard gecko skeleton (D:4)
  10 rats
  A plant (Lair:6)
854 creatures vanquished.

Vanquished Creatures (others)
  An alligator (Swamp:1)
  A spriggan (Swamp:1)
  A human (D:14)
  10 fungi
  17 plants
30 creatures vanquished.

Grand Total: 884 creatures vanquished

Notes
Turn   | Place    | Note
-------+----------+-------------------------------------------
     0 | D:1      | Lanoc the Draconian Wanderer began the quest for the Orb.
     0 | D:1      | Lanoc set off with the following items: a +0 club, a potion
                  | of lignification, a scroll of teleportation, a +0 dagger, a
                  | ration
     0 | D:1      | Reached XP level 1. HP: 16/16 MP: 1/1
   367 | D:1      | Reached XP level 2. HP: 24/24 MP: 2/2
   894 | D:2      | Reached XP level 3. HP: 13/30 MP: 3/3
  1606 | D:2      | Reached skill level 1 in Shields
  1886 | D:2      | Reached XP level 4. HP: 33/37 MP: 4/4
  2221 | D:2      | Noticed Sigmund
  2386 | D:2      | Noticed Natasha
  2396 | D:2      | Killed Natasha
  2512 | D:2      | Noticed Natasha
  2516 | D:2      | Killed Natasha
  2516 | D:2      | Reached skill level 1 in Polearms
  2539 | D:2      | Noticed an angel
  2540 | D:2      | Found a glowing silver altar of Zin.
  2541 | D:2      | Found a shimmering altar of Xom.
  2618 | D:2      | Reached XP level 5. HP: 45/45 MP: 5/5
  2619 | D:2      | Noticed Natasha
  2628 | D:2      | Killed Natasha
  2704 | D:2      | Killed Sigmund
  2704 | D:2      | Reached XP level 6. HP: 51/51 MP: 6/6
  3490 | D:4      | Your scales start taking on a fiery red colour.
  3490 | D:4      | Reached XP level 7. HP: 31/58 MP: 7/7
  3490 | D:4      | Gained mutation: Your flesh is heat resistant. (rF+) [Red
                  | Draconian growth]
  3641 | D:4      | Noticed Edmund
  3647 | D:4      | Killed Edmund
  3751 | D:4      | Got a faintly glowing crystal amulet
  3780 | D:4      | Identified the amulet of the Butterfly {rElec rPois Regen+
                  | SInv} (You found it on level 4 of the Dungeon)
  4147 | D:5      | Entered Level 5 of the Dungeon
  4240 | D:5      | Found a burning altar of Makhleb.
  4375 | D:5      | Found a shadowy altar of Dithmenos.
  4495 | D:5      | Noticed Grinder
  4500 | D:5      | Killed Grinder
  4500 | D:5      | Reached skill level 5 in Fighting
  4500 | D:5      | Reached skill level 5 in Polearms
  4500 | D:5      | Reached XP level 8. HP: 61/68 MP: 8/8
  4817 | D:6      | Found a staircase to the Ecumenical Temple.
  4831 | Temple   | Entered the Ecumenical Temple
  4944 | Temple   | Became a worshipper of the Shining One
  5110 | D:6      | Reached skill level 1 in Invocations
  5125 | D:6      | Found a hide-covered altar of Uskayaw.
  5131 | D:6      | Found a blossoming altar of Fedhas.
  5132 | D:6      | Found an opulent altar of Gozag.
  5252 | D:7      | Reached skill level 5 in Dodging
  6059 | D:8      | Reached XP level 9. HP: 75/75 MP: 10/10
  6094 | D:8      | Noticed a two-headed ogre
  6099 | D:8      | Killed a two-headed ogre
  6241 | D:8      | Reached * piety under the Shining One
  6289 | D:8      | Noticed a two-headed ogre
  6305 | D:8      | Killed a two-headed ogre
  6337 | D:8      | Reached XP level 10. HP: 81/86 MP: 13/13
  6348 | D:8      | Noticed a white ugly thing
  6361 | D:8      | Killed a white ugly thing
  6361 | D:8      | Reached skill level 5 in Invocations
  6397 | D:8      | Found a shattered altar of Ashenzari.
  6572 | D:8      | Found a stormy altar of Qazlal.
  7320 | D:9      | Noticed an unseen horror
  7329 | D:9      | Killed an unseen horror
  7466 | D:9      | Reached skill level 10 in Polearms
  7528 | D:9      | Noticed a death yak
  7528 | D:9      | Noticed Joseph
  7528 | D:9      | Noticed a death yak
  7528 | D:9      | Reached ** piety under the Shining One
  7530 | D:9      | Noticed a death yak
  7548 | D:9      | Noticed Psyche
  7551 | D:9      | Killed a death yak
  7551 | D:9      | Reached XP level 11. HP: 59/95 MP: 15/15
  7565 | D:9      | Killed a death yak
  7566 | D:9      | Killed Joseph
  7575 | D:9      | Killed a death yak
  7579 | D:9      | Killed Psyche
  7593 | D:9      | Found a staircase to the Lair.
  7611 | D:9      | Got a warped quarterstaff
  8067 | D:9      | Noticed Pikel
  8083 | D:9      | Killed Pikel
  8094 | D:9      | Got a warped cloak
  8100 | D:9      | Identified the +3 cloak of the Echidna {Str+3} (You found
                  | it on level 9 of the Dungeon)
  8127 | D:10     | Entered Level 10 of the Dungeon
  8325 | D:9      | Identified the +9 quarterstaff of Luton {freeze, rC+ SInv}
                  | (You found it on level 9 of the Dungeon)
  8709 | D:10     | Found a runed translucent door.
  8709 | D:10     | Noticed Fingolfin's ghost (novice FoNe)
  8748 | D:10     | Found a staircase to the Orcish Mines.
  8748 | D:10     | Reached *** piety under the Shining One
  9258 | D:11     | Noticed a red ugly thing
  9271 | D:11     | Killed a red ugly thing
  9303 | D:11     | Reached XP level 12. HP: 99/106 MP: 18/18
  9325 | D:11     | Noticed Erolcha
  9336 | D:11     | Killed Erolcha
  9336 | D:11     | Reached skill level 10 in Fighting
  9956 | D:12     | Found a flagged portal.
 10014 | Bailey   | Entered a bailey
 10084 | Bailey   | Reached **** piety under the Shining One
 10830 | D:12     | Found a runed translucent door.
 10831 | D:12     | Noticed Vidiiot's ghost (journeyman OgCj)
 10879 | D:12     | Killed Vidiiot's ghost
 10989 | D:12     | Reached skill level 10 in Invocations
 11225 | D:13     | Found Garymont's Antique Weapon Boutique.
 11279 | D:13     | Noticed a two-headed ogre
 11292 | D:13     | Killed a two-headed ogre
 11292 | D:13     | Reached skill level 10 in Dodging
 11342 | D:13     | Found Koit's Magic Scroll Boutique.
 11363 | D:13     | Bought a scroll of acquirement for 728 gold pieces
 11442 | D:13     | Noticed a tengu warrior
 11443 | D:13     | Found Ikhlydieme's Jewellery Shoppe.
 11452 | D:13     | Killed a tengu warrior
 11532 | D:13     | Found a hide-covered altar of Uskayaw.
 11548 | D:13     | Found Uppucuef's Weapon Emporium.
 11715 | D:13     | Reached XP level 13. HP: 101/117 MP: 20/20
 12151 | D:13     | Found a gate to the Vaults.
 12204 | D:14     | Noticed Azrael
 12220 | D:13     | Reached ***** piety under the Shining One
 12224 | D:13     | Killed Azrael
 12333 | D:14     | Noticed Kirke
 12354 | D:14     | Killed Kirke
 12478 | D:14     | Identified Roxanne's Papyrus of Transmigration
 12478 | D:14     | Noticed Roxanne
 12583 | D:14     | Noticed Josephine
 12635 | D:14     | Killed Josephine
 13290 | D:15     | Entered Level 15 of the Dungeon
 13365 | D:15     | Reached ****** piety under the Shining One
 13369 | D:15     | Reached XP level 14. HP: 129/129 MP: 23/23
 14025 | D:15     | Found a staircase to the Depths.
 14033 | D:15     | HP: 6/130 [yaktaur captain/bolt (37)]
 14033 | D:15     | HP: 1/130 [yaktaur captain/bolt (5)]
 14620 | Lair:1   | Entered Level 1 of the Lair of Beasts
 15509 | Lair:2   | Noticed Fannar
 15518 | Lair:2   | Killed Fannar
 15780 | Lair:2   | Got a brightly glowing platinum amulet
 15831 | Lair:2   | Identified the amulet of Forabao {RegenMP +Fly Str+2 Int-5
                  | Stlth+} (You found it on level 2 of the Lair of Beasts)
 16322 | Lair:3   | Found a runed translucent gate.
 16322 | Lair:3   | Found a runed translucent gate.
 16323 | Lair:3   | Found a runed translucent gate.
 16323 | Lair:3   | Noticed TheWoodenMan's ghost (journeyman MiGl)
 16369 | Lair:3   | Killed TheWoodenMan's ghost
 17044 | Lair:3   | Found a staircase to the Snake Pit.
 17435 | Lair:4   | Found a white marble altar of Elyvilon.
 17447 | Lair:4   | Found a staircase to the Swamp.
 17724 | Lair:4   | Reached XP level 15. HP: 129/139 MP: 25/25
 17929 | Lair:5   | Found a dark tunnel.
 17947 | Volcano  | Entered a volcano
 18122 | Volcano  | Reached skill level 15 in Fighting
 19019 | Lair:6   | Entered Level 6 of the Lair of Beasts
 19377 | Lair:6   | Found a staircase to the Slime Pits.
 19711 | Lair:6   | Reached skill level 15 in Invocations
 19748 | Lair:6   | Found a bloodstained altar of Trog.
 20471 | Swamp:1  | Entered Level 1 of the Swamp
 20528 | Swamp:1  | Noticed Jorgrun
 20543 | Swamp:1  | Killed Jorgrun
 20918 | Swamp:1  | Reached XP level 16. HP: 100/151 MP: 27/27
 21652 | Swamp:1  | Found a blossoming altar of Fedhas.
 21806 | Swamp:2  | Found a frozen archway.
 21885 | IceCv    | Entered an ice cave
 22765 | IceCv    | Noticed an Ice Fiend
 22776 | IceCv    | Killed an Ice Fiend
 23043 | Swamp:2  | Slain by a spriggan rider

Levels and vault maps discovered:
D:1:      dpeg_arrival_short_road, layout_basic, minmay_pentomino_q4
D:2:      layout_basic, grunt_temple_overflow_order_and_chaos_1, uniq_sigmund,
          uniq_natasha
D:3:      layout_rooms
D:4:      layout_gridville, first_ration, uniq_edmund
D:5:      layout_rooms, kennysheep_mini, serial_bayou_pond_c,
          makhleb_heckhound_becter, uniq_grinder
D:6:      layout_rooms, grunt_temple_overflow_open,
          minmay_temple_entry_stoned_glass, minmay_crystal_room
D:7:      layout_basic
D:8:      kennysheep_seaside_town, layout_loops_ring,
          nicolae_qazlal_eye_of_the_storm, basic_altar
D:9:      layout_irregular_city, dpeg_lair_monsters, kennysheep_generic_room_8,
          uniq_pikel, uniq_joseph, uniq_psyche
D:10:     layout_cave_pools, kennysheep_orc_monster_closet_entryway,
          hellmonk_ghost_happy_afterlife, blue_anna_alchemist
          [blue_anna_fruit_fields, blue_anna_fruit_fields],
          hangedman_corner_corridor
D:11:     layout_loops_corners, uniq_erolcha
D:12:     layout_irregular_city, enter_bailey_2, gammafunk_ghost_grave
D:13:     layout_basic, david_vaults_4, serial_shops, shop, shop, shop,
          nicolae_shop_competitors_out_of_business, basic_altar
D:14:     layout_loops_ring, chequers_serial_rivers_marsh,
          minmay_hollow_rounded_squares, uniq_azrael, uniq_roxanne, uniq_kirke,
          uniq_josephine
D:15:     grunt_enter_depths_snipers, layout_cave_pods, corexii_checkpoint_b
Temple:   regret_index_temple_waves
Lair:1:   layout_gridlike, grunt_megastairs_1
Lair:2:   layout_layer_cave, chequers_serial_rivers_small_b, st_stairs_9,
          grunt_megastairs_2, uniq_fannar
Lair:3:   layout_roguey, dummy_snake_entry, ebering_ghost_rock_garden,
          roderic_carrion_pond, infiniplex_staircase_pool, lemuel_fruit_tree
Lair:4:   beast_lair_carwin_large_1, layout_cave_shapes, swamp_mist,
          basic_altar, cheibrodos_lair_lostbears
Lair:5:   layout_roguey, nicolae_volcano_entry_vermiform, serial_bayou_shore_a,
          grunt_megastairs_4, serial_bayou_shore_b
Lair:6:   minmay_lair_end_frog_pond, layout_hall_layers,
          minmay_slime_entry_jelly_boxes, basic_altar, minivault_25
Swamp:1:  layout_basic_swamp, basic_altar, uniq_jorgrun
Swamp:2:  layout_falls_marsh, portal_ice_cave_entry_pillars_three,
          evilmike_swamp_ruin_house_2

Skill      XL: |  1  2  3  4  5  6  7  8  9 10 11 12 13 14 15 16 |
---------------+-------------------------------------------------+-----
Dodging        | 2 3 4 5 6 7 8 10 11 12 14 | 14.6
Fighting       | 2 3 5 6 7 8 9 11 13 14 16 | 16.8
Shields        | 1 3 4 |  4.0
Polearms       | 1 2 3 5 6 8 10 12 | 12.0
Invocations    | 2 4 6 8 10 12 14 15 16 | 16.1
Throwing       | |  1.0
Stealth        | |  1.7
Unarmed Combat | |  1.0
Hexes          | |  1.7
Air Magic      | |  1.0

Action                   |  1- 3 |  4- 6 |  7- 9 | 10-12 | 13-15 | 16-18 || total
-------------------------+-------+-------+-------+-------+-------+-------++-------
Melee: Club              |   180 |    18 |       |       |       |       ||   198
       Tailslap          |    16 |    14 |    17 |    85 |   291 |    75 ||   498
       Punch             |     1 |       |       |       |       |       ||     1
       Spear             |       |   155 |   246 |   869 |  1738 |   399 ||  3407
       Unarmed           |       |       |       |       |     2 |       ||     2
Throw: Throwing net      |       |       |       |     3 |     3 |     1 ||     7
       Dart              |       |       |       |       |     3 |       ||     3
Invok: Divine Shield     |       |       |       |       |     1 |       ||     1
 Abil: Evoke Berserk Rag |       |     1 |       |       |       |       ||     1
       Breathe Fire      |       |       |    11 |    27 |    55 |    28 ||   121
  Use: Potion            |     1 |     1 |       |     1 |     9 |     4 ||    16
       Scroll            |       |       |     4 |    17 |    13 |     3 ||    37
 Stab: Sleeping          |     4 |     2 |     2 |       |       |       ||     8
       Distracted        |     1 |     1 |       |       |       |       ||     2
  Eat: Chunk             |     3 |     6 |     7 |    24 |    38 |     4 ||    82
       Ration            |       |       |     1 |       |     1 |     2 ||     4
Armor: Skin              |    74 |    47 |    34 |    73 |   131 |    29 ||   388
Dodge: Dodged            |   144 |    98 |    61 |   250 |   628 |   165 ||  1346
Block: Buckler           |    11 |    30 |    36 |   152 |   285 |    69 ||   583
